 Dungeon Crawl Stone Soup version 0.28-a0-32-g8dfe7f97f6 (webtiles) character file.

Game seed: 15087433852847307791

31 sanka the Insei (level 2, 0/22 HPs)
             Began as a Demigod Transmuter on July 27, 2021.
             Succumbed to an adder's poison
             ... on level 2 of the Dungeon.
             The game lasted 00:01:41 (1253 turns).

sanka the Insei (Demigod Transmuter)                Turns: 1253, Time: 00:01:42

Health: 0/22       AC:  5    Str: 11    XL:     2   Next: 90%
Magic:  7/7        EV: 11    Int: 21    God:
Gold:   60         SH:  0    Dex: 14    Spells: 1/4 levels left

rFire   + . .      SeeInvis .     - Unarmed
rCold   . . .      Faith    .   (no shield)
rNeg    . . .      Spirit   .   j - +2 leather armour {rF+}
rPois   .          Reflect  .   (no helmet)
rElec   .          Harm     .   (no cloak)
rCorr   .          Rampage  .   (no gloves)
Will    .....                   (no boots)
Stlth   +.........              (no amulet)
HPRegen 0.07/turn               (no ring)
MPRegen 0.10/turn               e - +6 ring of intelligence

@: lethally poisoned (0 -> -5)
A: high mp 1, forlorn
a: no special abilities


You were on level 2 of the Dungeon.
You visited 1 branch of the dungeon, and saw 2 of its levels.

You collected 60 gold pieces.


Innate Abilities, Weirdness & Mutations

Your attributes grow dramatically as you level up.
You have an increased reservoir of magic. (+10% MP)
You shall have no god before yourself.


   Skills:
 - Level 0.8 Fighting
 - Level 1.7 Dodging
 - Level 2.6 Unarmed Combat
 - Level 1.7 Spellcasting
 + Level 2.6 Transmutations
 + Level 1.6 Poison Magic


You had one spell level left.
You knew the following spells:

 Your Spells              Type           Power      Damage    Failure   Level
y - Wereblood             Tmut           12%        N/A       11%         2
z - Beastly Appendage     Tmut           24%        N/A       7%          1

Your spell library contained the following spells:

 Spells                   Type           Power      Damage    Failure   Level
 Spider Form              Tmut/Pois      5%         N/A       26%         3
 Ice Form                 Ice/Tmut       7%         N/A       75%         4

Inventory:

Armour
 j - a +2 leather armour of fire resistance (worn)
Magical Staves
 h - a staff of earth
Jewellery
 e - a +6 ring of intelligence (right hand)
Scrolls
 b - 2 scrolls of teleportation {unknown}
 d - a scroll of immolation {unknown}
 g - a scroll of brand weapon {unknown}
 i - 2 scrolls of identify {unknown}
Potions
 a - a potion of brilliance {unknown}
 c - a potion of lignification {unknown}
 f - 2 potions of haste {unknown}

Dungeon Overview and Level Annotations

Branches:
Dungeon (2/15)

▒........▒ ▒ ▒........▒
.▒▒▒..
▒........▒▒▒▒▒▒▒▒▒▒▒▒......
...........................
▒........▒▒▒▒▒▒▒▒▒▒.▒......
▒▒▒▒...▒▒▒ ▒▒▒▒▒▒.▒......
▒▒▒▒...▒▒▒▒ ▒.............
.......†..▒ ▒..?..........
▒▒▒▒▒▒▒▒▒.▒▒ ▒..p..........
▒..▒ ▒.S....(.£.... ▒▒.▒
▒.............
▒.▒▒▒▒▒▒▒▒+▒.▒▒▒▒▒ ▒..▒ .▒
▒▒▒.▒▒▒▒▒▒▒.▒▒▒▒▒▒▒ ..
..▒..........▒....▒ ▒
▒.▒▒▒...........▒ ▒
....▒.▒.......▒▒▒.▒


You could see an adder.


Message History

The adder bites you.
* * * LOW HITPOINT WARNING * * *
You are lethally poisoned!
The adder poisons you!
You barely miss the adder.
The adder is heavily wounded.
* * * LOW HITPOINT WARNING * * *
You feel sick. The adder bites you but does no damage.
Unknown command.
You barely miss the adder.
The adder is heavily wounded.
* * * LOW HITPOINT WARNING * * *
You feel sick. The adder closely misses you. The adder closely misses you.
You closely miss the adder.
The adder is heavily wounded.
* * * LOW HITPOINT WARNING * * *
You feel sick. The adder barely misses you.
Unknown command.
You hit the adder.
The adder is heavily wounded.
* * * LOW HITPOINT WARNING * * *
You feel sick. The adder barely misses you.
You hit the adder.
The adder is severely wounded.
You die...

Action                   || total
-------------------------++-------
Melee: Unarmed           ||    59
       Kick              ||     7
       Headbutt          ||     3
 Cast: Beastly Appendage ||    12
 Stab: Sleeping          ||     2
Armor: Robe              ||     2
       Leather armour    ||    12
Dodge: Dodged            ||    30

Levels and vault maps discovered:
D:1:      psy_arrival_fountain, layout_rooms,
          chequers_ecumenical_altar_simple_redux, chequers_serial_rivers_marsh
D:2:      layout_basic

Notes
Turn   | Place    | Note
-------+----------+-------------------------------------------
     0 | D:1      | sanka the Demigod Transmuter began the quest for the Orb.
     0 | D:1      | Reached XP level 1. HP: 15/15 MP: 5/5
    78 | D:1      | Reached skill level 2 in Transmutations
   234 | D:1      | Reached skill level 1 in Poison Magic
   336 | D:1      | Reached XP level 2. HP: 22/22 MP: 5/7
   675 | D:2      | Learned a level 2 spell: Wereblood
  1251 | D:2      | HP: 2/22 [poisoned by an adder]
  1253 | D:2      | Succumbed to an adder's poison

Vanquished Creatures
  An adder (D:2)
  A dart slug (D:1)
  2 endoplasms (D:2)
  3 goblins
  3 hobgoblins
  A kobold (D:1)
  2 quokkas
  2 ball pythons (D:2)
  A frilled lizard (D:2)
  2 rats (D:1)
18 creatures vanquished.
